 Dungeon Crawl Stone Soup version 0.22-a0-409-gb855193 (webtiles) character file.

583473 iamserjio the Warrior (level 25, -1/210 HPs)
             Began as a Mummy Fighter on May 9, 2018.
             Was the Champion of Yredelemnul.
             Killed from afar by an orb of fire (4 damage)
             ... with a bolt of fire
             ... on level 5 of the Realm of Zot on May 10, 2018.
             The game lasted 06:40:04 (91110 turns).

iamserjio the Warrior (Mummy Fighter)              Turns: 91110, Time: 06:40:05

Health: -1/210     AC: 37    Str: 26 (28) XL:     25   Next: 45%
Magic:  16/42      EV: 11    Int: 22      God:    Yredelemnul [******]
Gold:   2467       SH: 31    Dex: 18      Spells: 25/34 levels left

rFire    + + +     SeeInvis .   w - +18 lance "Wyrmbane" {slay drac, rPois rF+ rC+ AC+3}
rCold    + + +     Gourm    .   O - +4 large shield
rNeg     + + +     Faith    .   l - +0 gold dragon scales
rPois    ∞         Spirit   .   V - +2 helmet {Int+3}
rElec    .         Reflect  +   G - +2 cloak {+Inv}
rCorr    .         Harm     .   o - +2 pair of gloves {Dex+3}
MR       ++++.                  T - +0 pair of boots "Biyxey" {rF+ MP+9 Stlth+}
Stlth    ..........             I - +4 amulet of reflection
HPRegen  0.45/turn              L - ring "Sodabbyc" {Wiz rF+ MR+}
MPRegen  0.28/turn              R - ring of Balance {rC+ Str+5 Int+7 Stlth+}

@: studying Shields, very slow
A: no food or potions, fire vulnerability, cold resistance 1, negative energy
resistance 3, torment resistance, unbreathing, in touch with death 1
}: 4/15 runes: decaying, serpentine, silver, abyssal
a: Recall Undead Slaves, Injury Mirror, Animate Dead, Drain Life, Enslave Soul,
Renounce Religion, Evoke Invisibility


You were on level 5 of the Realm of Zot.
You worshipped Yredelemnul.
Yredelemnul was exalted by your worship.
You were not hungry.

You visited 10 branches of the dungeon, and saw 50 of its levels.
You visited the Abyss 2 times.
You also visited: Ice Cave.

You collected 6147 gold pieces.
You spent 3680 gold pieces at shops.

Inventory:

Hand Weapons
 p - a +8 demon trident of electrocution
 w - the +18 lance "Wyrmbane" (weapon) {slay drac, rPois rF+ rC+ AC+3}
   (You took it off a vault guard on level 5 of the Vaults)

   It affects your AC (+3).
   It protects you from fire.
   It protects you from cold.
   It protects you from poison.
 X - a +1 vampiric demon trident
 Y - the +8 spear "Ucakycle" {pain, rElec rC- Dex+4 SInv}
   (You found it on level 2 of the Snake Pit)

   In the hands of one skilled in necromantic magic, it inflicts extra damage on
   living creatures.
   It affects your dexterity (+4).
   It makes you vulnerable to cold.
   It insulates you from electricity.
   It lets you see invisible.
Armour
 c - quicksilver dragon scales
 d - +1 fire dragon scales
 j - +0 storm dragon scales
 l - +0 gold dragon scales (worn)
 o - a +2 pair of gloves of dexterity (worn)
 C - a scarf of repulsion
 G - a +2 cloak of invisibility (worn)
 O - a +4 large shield (worn)
 T - the +0 pair of boots "Biyxey" (worn) {rF+ MP+9 Stlth+}
   (You acquired it on level 2 of the Elven Halls)

   It protects you from fire.
   It affects your magic capacity (+9).
   It makes you more stealthy.
 V - a +2 helmet of intelligence (worn)
Jewellery
 a - the ring of Tis Odos {rPois rC- AC+4 Str+7 SInv}
   (You bought it in a shop on level 2 of the Orcish Mines)

   [ring of protection]

   It affects your AC (+4).
   It affects your strength (+7).
   It makes you vulnerable to cold.
   It protects you from poison.
   It lets you see invisible.
 i - the ring of the Median {rC+ Dex+4 Slay+3}
   (You found it on level 14 of the Dungeon)

   [ring of slaying]

   It affects your dexterity (+4).
   It affects your accuracy and damage with ranged weapons and melee attacks
   (+3).
   It protects you from cold.
 q - an uncursed ring of protection from cold
 B - an uncursed ring of resist corrosion
 I - a +4 amulet of reflection (around neck)
 L - the ring "Sodabbyc" (left hand) {Wiz rF+ MR+}
   (You took it off a vampire knight on level 3 of the Depths)

   [ring of wizardry]

   It improves your spell success rate.
   It protects you from fire.
   It affects your resistance to hostile enchantments.
 R - the ring of Balance (right hand) {rC+ Str+5 Int+7 Stlth+}
   (You found it on level 1 of the Elven Halls)

   [ring of strength]

   It affects your strength (+5).
   It affects your intelligence (+7).
   It protects you from cold.
   It makes you more stealthy.
 S - an uncursed amulet of regeneration
Wands
 b - a wand of paralysis (93)
 h - a wand of iceblast (25)
 n - a wand of digging (70)
 r - a wand of random effects (36)
 s - a wand of scattershot (16)
 y - a wand of disintegration (19)
 A - a wand of acid (42)
Scrolls
 e - 38 scrolls of remove curse
 f - 14 scrolls of teleportation
 g - 2 scrolls of magic mapping
 m - a scroll of torment
 t - 4 scrolls of fear
 v - a scroll of vulnerability
 F - 9 scrolls of amnesia
 H - 10 scrolls of fog
 J - 2 scrolls of silence
 K - 6 scrolls of identify
 P - 8 scrolls of blinking
 Z - a scroll of summoning
Books
 k - a manual of Shields
Miscellaneous
 u - a phial of floods (inert)
 z - 2 phantom mirrors
 D - a lightning rod (4/4)
 M - a box of beasts
 W - a fan of gales


   Skills:
 * Level 19.6 Fighting
 + Level 15.7 Polearms
 + Level 17.5 Armour
 - Level 11.0 Dodging
 * Level 17.8 Shields
 - Level 5.0 Spellcasting
 - Level 13.4 Necromancy
 - Level 14.0 Invocations
 - Level 8.5 Evocations


You had 25 spell levels left.
You knew the following spells:

 Your Spells              Type           Power        Failure   Level  Hunger
a - Vampiric Draining     Necr           #######...   2%          3    N/A
b - Death Channel         Necr           #######...   69%         6    N/A

Dungeon Overview and Level Annotations

Branches:
Dungeon (15/15)            Temple (1/1) D:6            Lair (6/6) D:11
  Swamp (4/4) Lair:2        Snake (4/4) Lair:3        Slime (0/5) Lair:5
    Orc (2/2) D:11            Elf (3/3) Orc:2        Vaults (5/5) D:13
  Crypt (0/3) Vaults:2     Depths (5/5) D:15            Zot (5/5) Depths:5

Altars:
Ashenzari
Cheibriados
Dithmenos
Elyvilon
Fedhas
Gozag
Hepliaklqana
Kikubaaqudgha
Makhleb
Nemelex Xobeh
Okawaru
Qazlal
Ru
Sif Muna
Trog
Uskayaw
Vehumet
Wu Jian
Xom
Yredelemnul
Zin
The Shining One
Beogh

Shops:
D:6 [   D:11 ?:}=   Orc:2 *%?*=   Elf:1 ?   Elf:2 [?[:*

Portals:
Hell: Depths:1 Depths:2 Depths:3 Depths:4 Depths:5
Pandemonium: Depths:1 Depths:2 Depths:3 Depths:4
Ziggurat: Depths:4

Annotations:
Swamp:4 Lernaean hydra
Elf:2 1 runed door


Innate Abilities, Weirdness & Mutations

You do not eat or drink.
Your flesh is vulnerable to fire.
You are immune to poison.
Your flesh is cold resistant. (rC+)
You are immune to negative energy. (rN+++)
You are immune to unholy pain and torment.
You can survive without breathing.
You are in touch with the powers of death.


Message History

The fireball engulfs the orb of fire.
The orb of fire completely resists.
You hit the orb of fire but do no damage.
The orb of fire is severely damaged.
You impale the orb of fire!!
The orb of fire is almost destroyed.
The orb of fire glows deep purple.
The bolt of fire hits you! You resist.
* * * LOW HITPOINT WARNING * * *
Unknown command.
Your unstable footing causes you to fumble your attack.
The orb of fire emits a lurid red light.
Strange energies course through your body.
Your body decomposes!
You feel weakened.
You hit the orb of fire.
The orb of fire is almost destroyed.
The orb of fire glows bright magenta.
The bolt of fire hits you! You resist.
You die...
Yredelemnul claims you as an undead slave.

# *,*,**#.#........##......<.....
*,*,* #.#........##............
###,*,* #.#........).............
..#,*,* #.#........##............
..#,*,* #..........#####.=.......
..#,*,**#####.##*D.## ##########
....#,,,,,,...##.Z..#
#####*****▓########.######## *
,,,,,,** #..§§@*§........# **
,,,,,,,** ##..§§§≈.......#* **,
,,,,,,,,** #.§§§≈§.......# ##..
,,,,,,,,,* ##...§§......## #...
,,,,,,,,,* #...........# #...
,,,,,,,,,* *#...........## #...
,,,,,,,,,* #.............# #...
,,,,,,,,,* *#.......}.....## #...
,,,,,,,,,***...............###...


You could see an orb of fire.

Vanquished Creatures
  4 ancient liches
  An orb of fire (Zot:2)
  3 Killer Klowns (Zot:4)
  Margery (Vaults:2)
  7 golden dragons
  Nikola (Swamp:1)
  A profane servitor (Abyss:2)
  Jory (Depths:3)
  The ghost of DEFE the Bringer of Light, an adept MiFi of the Shining One (Depths:2)
  A hellephant (Zot:4)
  10 tentacled monstrosities
  Rupert (D:14)
  A deep elf blademaster (Elf:3)
  3 quicksilver dragons
  2 liches
  4 Orb Guardians (Zot:5)
  3 death cobs
  3 titans
  3 sphinxes
  A tentacled starspawn (Abyss:4)
  2 tengu reavers (Vaults:5)
  Kirke (D:12)
  9 shadow dragons
  8 storm dragons
  5 draconian monks
  5 nagarajas
  3 fire giants
  An iron dragon (Depths:5)
  2 deep elf sorcerers
  12 draconian knights
  2 frost giants
  6 vault wardens
  5 ghost moths
  6 draconian shifters
  4 draconian scorchers
  3 draconian stormcallers
  5 draconian annihilators
  4 ironheart preservers
  2 deep elf elementalists
  A spriggan defender (Depths:5)
  An entropy weaver (Vaults:1)
  10 stone giants
  5 vampire knights
  8 very ugly things
  Nessos (D:15)
  5 deep elf demonologists
  2 dire elephants (Zot:4)
  5 deep elf annihilators
  5 green draconians
  3 black draconians
  10 white draconians
  2 spark wasps (Depths:3)
  5 purple draconians
  10 red draconians
  5 yellow draconians
  An ettin (Depths:2)
  3 deep elf death magi
  An eidolon (Abyss:2)
  A jiangshi (Depths:1)
  4 fire dragons
  7 yaktaur captains
  The ghost of emperorscorpion the Spear-Bearer, a journeyman MiBe of Trog (D:14)
  2 deep elf high priests (Elf:3)
  A great orb of eyes (Depths:2)
  5 ogre magi
  2 rakshasas
  5 vault guards (Vaults:5)
  7 naga warriors
  3 centaur warriors
  2 spriggan air magi
  10 ice dragons
  11 anacondas
  14 hydras
  A death knight (Vaults:3)
  22 two-headed ogres
  2 alligators (Swamp:4)
  23 dancing weapons
  A queen ant (shapeshifter) (Vaults:5)
  2 vampire magi
  4 deep troll shamans
  An orc high priest (Elf:1)
  3 death yaks (IceCv)
  A tengu warrior (Depths:3)
  4 deep troll earth magi
  3 spriggan berserkers
  3 shock serpents
  Urug (D:14)
  5 thrashing horrors (Abyss:4)
  8 naga sharpshooters
  Sonja (D:12)
  14 deep elf knights
  15 slime creatures
  4 iron trolls (Depths:1)
  A spark wasp zombie (D:15)
  2 salamander mystics (Depths:1)
  2 sixfirhies (Abyss:2)
  5 hell knights
  3 shadow wraiths
  2 skeletal warriors
  A spriggan druid (Swamp:3)
  6 flayed ghosts
  9 deep trolls
  An unseen horror (D:12)
  2 wizards
  3 spatial maelstroms
  A shadow dragon zombie (Depths:3)
  4 swamp dragons (Swamp:4)
  7 naga ritualists
  A sea snake (Snake:1)
  A glowing orange brain (Depths:4)
  8 deep elf archers
  8 ironbrand convokers
  5 phantasmal warriors
  6 necromancers
  Pikel (D:4)
  9 orc knights
  52 deep elf magi
  5 orc sorcerers
  31 ugly things
  5 wolf spiders
  5 cyclopes
  3 manticores
  2 mana vipers
  19 moths of wrath
  8 salamanders
  2 elephants (Zot:4)
  4 guardian serpents
  A spriggan zombie (Depths:3)
  23 black mambas
  11 vault sentinels
  8 spiny frogs
  Maurice (D:7)
  14 naga magi
  3 gargoyles
  An orange demon (Abyss:2)
  A rime drake (Lair:2)
  2 centaur skeletons (D:15)
  4 komodo dragons
  22 yaktaurs
  A tengu conjurer (Depths:5)
  A demonic crawler (Abyss:4)
  6 freezing wraiths
  A silent spectre (Abyss:2)
  An ice devil (Depths:2)
  A red devil (Depths:1)
  An ancient zyme (Abyss:2)
  6 trolls
  A merfolk (shapeshifter) (Vaults:5)
  9 hornets
  9 polar bears
  4 tyrant leeches
  A bog body (Swamp:2)
  Grinder (D:4)
  10 raiju
  3 large abominations
  8 hippogriffs
  6 blink frogs
  6 starcursed masses (Abyss:4)
  5 air elementals
  An ice dragon skeleton (D:15)
  12 spriggans
  A ynoxinul (Abyss:4)
  8 shadows
  A tarantella (shapeshifter) (Elf:3)
  9 water elementals
  6 wraiths
  A vampire (D:13)
  A spriggan (shapeshifter) (Vaults:4)
  A tarantella (Vaults:4)
  3 fire elementals
  2 wyverns
  3 hogs
  34 yaks
  An elf zombie (Elf:3)
  A human (Zot:4)
  An elf skeleton (D:15)
  16 vampire mosquitoes
  5 basilisks
  2 neqoxecs
  Edmund (D:6)
  A chaos spawn (Abyss:2)
  11 wargs
  An insubstantial wisp (Swamp:4)
  3 swamp worms
  29 nagas
  A spatial vortex (Abyss:4)
  A harpy simulacrum (D:15)
  5 water moccasins
  A two-headed ogre zombie (Depths:3)
  4 porcupines
  2 small abominations (Abyss:2)
  22 orc warriors
  2 black bears
  2 swamp drakes (Swamp:4)
  A floating eye (Depths:5)
  A hornet zombie (D:13)
  2 ice beasts
  8 sky beasts
  4 slaves (D:4)
  23 ogres
  2 phantoms
  11 boggarts
  27 wolves
  6 crocodiles
  12 centaurs
  7 big kobolds (D:11)
  A yaktaur zombie (D:15)
  3 earth elementals
  Blork the orc (D:5)
  10 bullfrogs
  A human simulacrum (Vaults:3)
  2 gnoll sergeants
  5 scorpions
  A water moccasin skeleton (D:6)
  12 killer bees
  An electric eel (Snake:1)
  11 wights
  4 crimson imps
  A quasit (D:9)
  A centaur zombie (D:11)
  6 hounds
  12 jellies
  18 orc wizards
  15 orc priests
  Crazy Yiuf (D:6)
  An iron imp (Depths:4)
  Jessica (D:3)
  4 bullfrog skeletons
  4 iguanas
  7 worker ants
  A hound zombie (D:11)
  A hound skeleton (D:7)
  A howler monkey zombie (D:4)
  2 worker ant zombies
  Robin (D:4)
  15 gnolls
  15 adders
  4 shadow imps
  11 white imps (Lair:2)
  3 ufetubi
  5 oozes
  An adder skeleton (D:8)
  3 dart slugs
  4 leopard geckos
  77 orcs
  4 giant cockroaches
  17 goblins
  9 hobgoblins
  3 jackals
  13 kobolds
  3 quokkas
  2 ball pythons
  10 bats
  3 frilled lizards (D:1)
  A giant cockroach zombie (D:4)
  A leopard gecko skeleton (D:4)
  2 quokka skeletons
  7 rats
  A starspawn tentacle (Abyss:4)
1451 creatures vanquished.

Vanquished Creatures (collateral kills)
  Mennas (Vaults:2)
  Bai Suzhen (Depths:3)
  the Lernaean hydra (Swamp:4)
  4 Killer Klowns
  3 golden dragons
  A profane servitor (Depths:3)
  An electric golem (Zot:5)
  A lich (Depths:5)
  Jorgrun (Vaults:4)
  2 hellephants (Zot:4)
  A tentacled monstrosity (Zot:1)
  5 Orb Guardians (Zot:5)
  A deep elf master archer (Elf:3)
  9 titans (Vaults:5)
  Asterion (Vaults:2)
  2 quicksilver dragons
  A deep elf blademaster (Elf:2)
  A sphinx (Vaults:5)
  5 death cobs
  A thorn hunter (Swamp:3)
  2 nagarajas
  5 tengu reavers
  6 storm dragons
  3 shadow dragons (Vaults:5)
  8 fire giants
  10 frost giants
  Roxanne (D:15)
  2 draconian knights
  An iron dragon (Depths:5)
  A cacodemon (Depths:2)
  Aizul (Snake:1)
  A vault warden (Vaults:5)
  3 draconian scorchers
  2 draconian stormcallers
  4 deep elf sorcerers
  3 draconian annihilators
  5 deep elf elementalists
  A spriggan defender (Depths:5)
  7 very ugly things
  8 ironheart preservers
  A war gargoyle (Vaults:5)
  An entropy weaver (Vaults:4)
  8 stone giants
  6 black draconians
  5 deep elf demonologists
  A deep elf annihilator (Elf:3)
  A purple draconian (Zot:1)
  4 yellow draconians
  3 green draconians
  A red draconian (Zot:3)
  2 white draconians
  A spark wasp (Depths:3)
  4 jiangshi
  3 deep elf death magi
  11 ettins
  A merfolk impaler (Depths:2)
  10 yaktaur captains
  2 deep elf high priests
  3 fire dragons
  3 ice dragons
  2 monstrous demonspawn (Depths:2)
  Josephine (Swamp:1)
  9 hydras
  4 rakshasas
  A great orb of eyes (Depths:2)
  18 vault guards (Vaults:5)
  7 naga warriors
  A ghost crab (Swamp:2)
  A caustic shrike simulacrum (Depths:3)
  2 spriggan air magi
  2 death knights
  11 alligators
  4 anacondas
  6 centaur warriors
  An alligator (shapeshifter) (Vaults:5)
  4 ogre magi
  5 tengu warriors
  7 naga sharpshooters
  20 two-headed ogres
  4 deep troll shamans
  2 vampire magi
  2 spriggan berserkers
  An orc high priest (Orc:2)
  3 deep troll earth magi
  8 dancing weapons
  3 shock serpents
  A sun demon (Depths:2)
  A thrashing horror (Abyss:4)
  4 deep elf knights
  A skeletal warrior (Vaults:5)
  9 hell knights
  14 deep trolls
  3 iron trolls
  2 spriggan druids (Swamp:4)
  An unseen horror (D:15)
  6 swamp dragons
  4 naga ritualists
  5 shadow wraiths
  4 flayed ghosts
  A deep troll (shapeshifter) (Depths:1)
  4 shambling mangroves
  5 deep elf archers
  5 phantasmal warriors
  6 ironbrand convokers
  A harpy (shapeshifter) (Vaults:4)
  A tengu zombie (Depths:3)
  2 necromancers (Depths:3)
  An orc sorcerer (Vaults:2)
  11 deep elf magi
  7 moths of wrath
  An oklob plant (Lair:3)
  2 orc knights
  2 wolf spiders (Vaults:5)
  25 ugly things
  4 mana vipers
  10 salamanders
  A moth of wrath (shapeshifter) (Depths:2)
  2 guardian serpents (Snake:1)
  14 elephants
  A sphinx skeleton (Depths:3)
  5 vault sentinels
  An apocalypse crab (Abyss:2)
  An eye of devastation (shapeshifter) (Depths:2)
  2 orange demons (Abyss:2)
  15 naga magi
  19 spiny frogs
  15 black mambas
  A gargoyle (D:14)
  2 rime drakes
  19 yaktaurs
  An ice devil (Depths:1)
  5 freezing wraiths
  2 hellwings
  A komodo dragon (Lair:6)
  A queen bee (shapeshifter) (Vaults:2)
  3 tengu conjurers
  5 red devils (Depths:1)
  2 trolls (D:13)
  8 hornets
  Prince Ribbit (D:8)
  A blink frog (shapeshifter) (Vaults:1)
  A dream sheep (Lair:6)
  7 polar bears
  9 tyrant leeches
  4 blink frogs
  13 slime creatures
  4 hippogriffs
  4 bog bodies
  2 large abominations
  A redback (shapeshifter) (Vaults:2)
  A shadow (D:15)
  8 spriggans
  A tarantella (shapeshifter) (Vaults:3)
  4 wraiths (Swamp:1)
  5 water elementals
  3 wyverns
  15 yaks
  2 humans (Zot:4)
  A basilisk (D:13)
  A hungry ghost (D:11)
  2 steam dragons
  12 vampire mosquitoes
  A warg (Orc:1)
  31 nagas
  4 insubstantial wisps (Swamp:4)
  8 swamp worms
  3 porcupines
  6 water moccasins
  7 orc warriors
  2 black bears (Lair:6)
  9 swamp drakes
  A necrophage (D:13)
  A phantom (D:11)
  10 wolves
  4 boggarts
  7 centaurs
  11 ogres
  3 crocodiles
  A big kobold (D:11)
  3 gnoll sergeants (D:11)
  7 bullfrogs
  4 earth elementals
  3 small abominations
  A killer bee (D:11)
  5 wights
  A human simulacrum (Vaults:1)
  3 electric eels
  2 crimson imps (Depths:1)
  A hound (D:10)
  4 orc priests
  An iron imp (Depths:2)
  6 jellies
  4 orc wizards
  2 worker ants (D:8)
  2 shadow imps (D:14)
  2 white imps
  3 ufetubi
  3 oozes
  12 orcs
  A jackal (D:10)
  A bush (Lair:4)
  A crawling corpse (Elf:3)
  18 fungi
  23 plants
  A withered plant (D:15)
911 creatures vanquished.

Vanquished Creatures (others)
  5 profane servitors
  2 bone dragons
  A deep elf master archer (Elf:3)
  A storm dragon (Zot:2)
  A nagaraja (Snake:4)
  A draconian knight (Zot:5)
  11 ghouls
  3 Killer Klown zombies
  A stone giant (Depths:2)
  A spectral rakshasa (Zot:1)
  5 vampire knights
  2 small abominations
  A spectral sphinx (Vaults:5)
  A merfolk javelineer (Depths:2)
  A spectral draconian (Zot:5)
  A quicksilver dragon zombie (Vaults:5)
  A deep elf high priest (Vaults:5)
  A yaktaur captain (Vaults:3)
  A vault guard (Vaults:5)
  An ice dragon (Depths:5)
  A centaur warrior (D:14)
  2 naga sharpshooters (Snake:1)
  4 titan zombies (Vaults:5)
  2 storm dragon zombies
  A hellephant zombie (Zot:4)
  6 skeletal warriors
  A storm dragon skeleton (Zot:4)
  3 anaconda zombies
  3 golden dragon zombies
  2 ghost moth zombies (Zot:5)
  A spectral orc (Orc:2)
  8 flayed ghosts
  3 shadow dragon zombies
  2 deep elf archers
  11 phantasmal warriors
  2 deep elf magi
  A sphinx zombie (Vaults:5)
  11 draconian zombies
  2 moths of wrath
  6 stone giant zombies
  A wolf spider zombie (Vaults:5)
  6 ugly thing zombies
  2 ugly things (Depths:3)
  3 frost giant zombies
  A cyclops (Vaults:1)
  5 fire giant zombies
  A shock serpent zombie (Snake:4)
  An ugly thing skeleton (D:12)
  A spectral human (D:13)
  5 draconian skeletons
  3 yellow draconian zombies
  A red draconian zombie (Zot:3)
  A death yak zombie (IceCv)
  A purple draconian zombie (Zot:3)
  4 white draconian zombies
  8 yaktaurs
  3 iron troll zombies
  A green draconian zombie (Zot:1)
  3 spectral elves
  2 black draconian zombies
  2 swamp worm zombies (Swamp:4)
  2 ghoul skeletons
  A merfolk zombie (Depths:2)
  2 polar bears (IceCv)
  3 hydra zombies (Swamp:4)
  8 moth of wrath zombies
  A tengu simulacrum (Depths:3)
  A demonic crawler zombie (Abyss:4)
  2 blink frogs (Swamp:3)
  A spectral naga (Snake:3)
  2 guardian serpent zombies
  An ettin zombie (Vaults:5)
  2 ice dragon zombies
  5 spriggan zombies
  4 alligator zombies (Swamp:4)
  7 black mamba zombies
  An air elemental (Elf:2)
  A wraith (Lair:6)
  17 flying skulls
  11 vampires
  2 water elementals
  4 black mamba skeletons
  2 two-headed ogre zombies (Vaults:5)
  4 deep troll zombies
  3 spiny frog zombies
  2 human skeletons
  2 swamp drakes
  30 elf zombies
  5 hornet zombies
  A swamp dragon zombie (Swamp:4)
  4 blink frog zombies
  5 vampire mosquito zombies
  A boggart (Vaults:3)
  5 elf skeletons (Elf:2)
  5 centaurs
  2 salamander zombies
  3 hippogriff zombies
  12 yaktaur zombies
  A yaktaur skeleton (Depths:3)
  A cyclops zombie (D:11)
  A water moccasin zombie (Lair:6)
  A wyvern skeleton (D:9)
  6 yak zombies
  4 warg zombies
  3 raiju zombies (Abyss:2)
  4 polar bear zombies (IceCv)
  A tengu zombie (Depths:5)
  2 troll zombies (D:13)
  2 wights
  11 wolf zombies
  A crimson imp (Depths:1)
  2 bullfrog zombies
  10 centaur zombies
  19 human zombies
  2 porcupine zombies
  An orc wizard (D:9)
  2 killer bee zombies (D:11)
  15 naga zombies
  7 ogre zombies
  A sky beast zombie (D:13)
  A crocodile zombie (D:11)
  12 naga skeletons
  A hound zombie (D:13)
  A steam dragon zombie (Lair:3)
  3 swamp drake zombies
  2 iguana zombies
  An adder skeleton (D:9)
  An orc skeleton (D:12)
  30 orc zombies
  2 rat skeletons (Orc:2)
  7 fungi
  23 plants
  2 starspawn tentacles (Abyss:4)
516 creatures vanquished.

Grand Total: 2878 creatures vanquished

Notes
Turn   | Place    | Note
-------+----------+-------------------------------------------
     0 | D:1      | iamserjio the Mummy Fighter began the quest for the Orb.
     0 | D:1      | Reached XP level 1. HP: 18/18 MP: 1/1
   107 | D:1      | Reached XP level 2. HP: 7/24 MP: 2/2
  1255 | D:2      | Reached XP level 3. HP: 22/29 MP: 3/3
  2014 | D:2      | Reached XP level 4. HP: 34/35 MP: 4/4
  2938 | D:3      | Noticed Jessica
  2959 | D:3      | Killed Jessica
  2959 | D:3      | Reached XP level 5. HP: 38/41 MP: 5/5
  3788 | D:4      | Noticed Grinder
  3893 | D:4      | Paralysed by Grinder for 4 turns
  3903 | D:4      | Paralysed by Grinder for 4 turns
  3908 | D:4      | Killed Grinder
  3908 | D:4      | Reached XP level 6. HP: 5/47 MP: 6/6
  4355 | D:4      | Found a stormy altar of Qazlal.
  4364 | D:4      | Reached XP level 7. HP: 36/52 MP: 7/7
  4632 | D:4      | Noticed Pikel
  5047 | D:4      | Noticed Robin
  5069 | D:4      | Killed Robin
  5153 | D:4      | Got a translucent dagger
  5155 | D:4      | Identified the +7 dagger "Yloynonu" {pierce, rPois Str+2} (You found it on level 4 of the Dungeon)
  5421 | D:4      | Killed Pikel
  5421 | D:4      | Reached skill level 4 in Fighting
  5421 | D:4      | Reached XP level 8. HP: 45/60 MP: 8/8
  5616 | D:5      | Entered Level 5 of the Dungeon
  6221 | D:5      | Noticed Blork the orc
  6229 | D:5      | Killed Blork the orc
  6229 | D:5      | Reached skill level 5 in Armour
  6229 | D:5      | Reached skill level 5 in Shields
  6764 | D:6      | Found a runed door.
  6768 | D:6      | Noticed Crazy Yiuf
  6774 | D:6      | Killed Crazy Yiuf
  6821 | D:6      | Found a glowing silver altar of Zin.
  7090 | D:6      | Noticed Edmund
  7102 | D:6      | Killed Edmund
  7102 | D:6      | Reached skill level 5 in Fighting
  7322 | D:6      | Found Ypnie's Antique Armour Shoppe.
  7692 | D:6      | Found a staircase to the Ecumenical Temple.
  7698 | Temple   | Entered the Ecumenical Temple
  7774 | Temple   | Became a worshipper of Yredelemnul the Dark
  8170 | D:7      | Reached XP level 9. HP: 53/69 MP: 9/9
  8279 | D:7      | Reached skill level 1 in Invocations
  8300 | D:7      | Reached skill level 5 in Polearms
  8612 | D:7      | Reached * piety under Yredelemnul
  8915 | D:8      | Noticed Prince Ribbit
  8915 | D:8      | Noticed Maurice
  8930 | D:7      | Killed Maurice
  8930 | D:7      | Reached skill level 6 in Fighting
  9077 | D:8      | Noticed a two-headed ogre
  9090 | D:7      | Killed a two-headed ogre
 10050 | D:8      | Reached XP level 10. HP: 72/76 MP: 13/13
 10137 | D:8      | Noticed a two-headed ogre
 10142 | D:8      | Killed Prince Ribbit
 10146 | D:8      | Killed a two-headed ogre
 10146 | D:8      | Reached skill level 5 in Invocations
 10547 | D:8      | Reached ** piety under Yredelemnul
 10580 | D:8      | Noticed a two-headed ogre
 10589 | D:8      | Your ally Prince Ribbit died
 10597 | D:8      | Killed a two-headed ogre
 11494 | D:9      | Noticed a two-headed ogre
 11503 | D:9      | Killed a two-headed ogre
 12118 | D:9      | Got an encrusted ring mail
 12179 | D:9      | Noticed a two-headed ogre
 13019 | D:9      | Killed a two-headed ogre
 13144 | D:9      | Identified the +3 ring mail of the Sailor {rPois Dex+2} (You took it off an orc on level 9 of the Dungeon)
 13178 | D:10     | Entered Level 10 of the Dungeon
 13181 | D:10     | Noticed a gargoyle
 13201 | D:10     | Killed a gargoyle
 13201 | D:10     | Reached XP level 11. HP: 50/81 MP: 15/17
 13308 | D:10     | Noticed a two-headed ogre
 13798 | D:10     | Killed a two-headed ogre
 14065 | D:10     | Reached *** piety under Yredelemnul
 14649 | D:10     | Learned a level 3 spell: Vampiric Draining
 14738 | D:11     | Found Xudaor's Gadget Boutique.
 14760 | D:11     | Found Zapnam's Book Shop.
 14767 | D:11     | Found a staircase to the Lair.
 14782 | D:11     | Reached skill level 1 in Necromancy
 15160 | D:11     | Found Lar Zara's Jewellery Boutique.
 15165 | D:11     | Bought a +4 amulet of reflection for 378 gold pieces
 15522 | D:11     | Found a staircase to the Orcish Mines.
 16384 | D:11     | Found Quff's Magic Scroll Shoppe.
 16392 | D:11     | Bought a scroll of fog for 26 gold pieces
 16392 | D:11     | Bought a scroll of noise for 13 gold pieces
 16392 | D:11     | Bought a scroll of enchant armour for 97 gold pieces
 16641 | D:12     | Noticed Kirke
 16656 | D:12     | Noticed a two-headed ogre
 16752 | D:12     | Noticed a white ugly thing
 17118 | D:12     | Received a gift from Yredelemnul (4 flying skulls)
 17138 | D:12     | HP: 4/83 [white ugly thing (18)]
 17147 | D:12     | Killed a white ugly thing
 17658 | D:12     | Noticed a lindwurm
 17662 | D:12     | Killed Kirke
 18108 | D:12     | Killed an unseen horror
 18108 | D:12     | Reached skill level 7 in Fighting
 18230 | D:12     | Killed a two-headed ogre
 18230 | D:12     | Reached XP level 12. HP: 70/91 MP: 19/19
 18525 | D:12     | Noticed Sonja
 18540 | D:12     | Killed Sonja
 19265 | Lair:1   | Entered Level 1 of the Lair of Beasts
 19298 | Lair:1   | Reached **** piety under Yredelemnul
 20359 | Lair:2   | Found a frozen archway.
 20420 | Lair:2   | Received a gift from Yredelemnul (a wight)
 20433 | IceCv    | Entered an ice cave
 21875 | IceCv    | Noticed a death yak
 21882 | IceCv    | Noticed a death yak
 21900 | IceCv    | Killed a death yak
 21921 | IceCv    | Killed a death yak
 21940 | IceCv    | Reached skill level 8 in Fighting
 22042 | IceCv    | Noticed a frost giant
 22042 | IceCv    | Noticed a death yak
 22068 | IceCv    | Killed a frost giant
 22098 | IceCv    | Killed a death yak
 22098 | IceCv    | Reached skill level 10 in Invocations
 22121 | IceCv    | Received a gift from Yredelemnul (3 flying skulls)
 22210 | IceCv    | Identified the Almanac of the Cooper
 22227 | IceCv    | Got a pitted hand axe
 22266 | IceCv    | Identified the +4 hand axe of Dawn {chop, rF+ Str+6} (You found it in an ice cave)
 22761 | Lair:2   | Received a gift from Yredelemnul (3 flying skulls)
 22787 | Lair:2   | Found a staircase to the Swamp.
 22835 | Lair:2   | Gained mutation: You are in touch with the powers of death. [Mummy growth]
 22835 | Lair:2   | Reached XP level 13. HP: 65/98 MP: 20/20
 23865 | Lair:3   | Found a staircase to the Snake Pit.
 23974 | Lair:3   | Reached ***** piety under Yredelemnul
 23974 | Lair:3   | Reached skill level 10 in Shields
 23975 | Lair:3   | Received a gift from Yredelemnul (a wraith)
 24350 | Lair:3   | Got a crude quarterstaff
 25221 | Lair:3   | Upgraded the game from 0.22-a0-407-gb098539 to 0.22-a0-409-gb855193
 27031 | Lair:5   | Found a staircase to the Slime Pits.
 27149 | Lair:5   | Received a gift from Yredelemnul (5 flying skulls)
 28140 | Lair:6   | Entered Level 6 of the Lair of Beasts
 28336 | Lair:6   | Received a gift from Yredelemnul (a wight)
 28880 | Lair:6   | Reached skill level 10 in Polearms
 29184 | Lair:6   | Received a gift from Yredelemnul (a vampire)
 29188 | Lair:6   | Reached XP level 14. HP: 60/105 MP: 22/22
 29405 | Lair:6   | Received a gift from Yredelemnul (a skeletal warrior)
 30014 | Lair:2   | Identified the +7 quarterstaff of World Downfall {crush, rPois rC++ Dex+3} (You found it on level 3 of the Lair of Beasts)
 30141 | Swamp:1  | Entered Level 1 of the Swamp
 30144 | Swamp:1  | Noticed Nikola
 30162 | Swamp:1  | HP: 3/105 [Nikola/chain lightning (24)]
 30162 | Swamp:1  | Killed Nikola
 31298 | Swamp:1  | Reached skill level 9 in Fighting
 31299 | Swamp:1  | Received a gift from Yredelemnul (a vampire)
 31462 | Swamp:1  | Noticed Josephine
 31469 | Swamp:1  | Killed Josephine
 33829 | Swamp:3  | Received a gift from Yredelemnul (2 flying skulls)
 33896 | Swamp:3  | Noticed a thorn hunter
 33904 | Swamp:3  | Killed a thorn hunter
 34289 | Swamp:3  | Received a gift from Yredelemnul (a flayed ghost)
 34292 | Swamp:3  | Got a sapphire falchion
 34296 | Swamp:3  | Identified the +5 falchion of Yredelemnul's Envy {vamp, +Inv rN+++ Str-3 Stlth+} (You found it on level 3 of the Swamp)
 34427 | Swamp:3  | Reached skill level 10 in Armour
 34580 | Swamp:3  | Reached skill level 10 in Fighting
 34798 | Swamp:4  | Entered Level 4 of the Swamp
 34865 | Swamp:4  | Reached XP level 15. HP: 115/115 MP: 22/24
 35465 | Swamp:4  | Received a gift from Yredelemnul (a vampire)
 35576 | Swamp:4  | Reached ****** piety under Yredelemnul
 35813 | Swamp:4  | Noticed the 27-headed Lernaean hydra
 36037 | D:11     | Bought a phantom mirror for 390 gold pieces
 36156 | D:13     | Received a gift from Yredelemnul (a skeletal warrior)
 36488 | D:13     | Found a gate to the Vaults.
 37968 | D:14     | Reached skill level 11 in Fighting
 38068 | D:14     | Received a gift from Yredelemnul (a vampire)
 38442 | D:14     | Noticed emperorscorpion's ghost (journeyman MiBe)
 38455 | D:14     | Killed emperorscorpion's ghost
 38662 | D:14     | Identified a scroll of acquirement
 38664 | D:14     | Identified the ring of the Median {rC+ Dex+4 Slay+3} (You found it on level 14 of the Dungeon)
 38669 | D:14     | Got a polished great mace
 38670 | D:14     | Identified the +1 great mace "Hest" {crush, MP+9 Int-5 Dex+6} (You acquired it on level 14 of the Dungeon)
 38883 | D:14     | Noticed Urug
 38895 | D:14     | Killed Urug
 39006 | D:14     | Received a gift from Yredelemnul (a vampire knight)
 39127 | D:14     | Noticed Rupert
 39167 | D:14     | Killed Rupert
 39524 | D:15     | Entered Level 15 of the Dungeon
 39548 | D:15     | Found a staircase to the Depths.
 39834 | D:15     | Reached skill level 12 in Fighting
 39971 | D:15     | Noticed Roxanne
 40149 | D:15     | Noticed Nessos
 40161 | D:15     | Killed Nessos
 40196 | D:15     | Found a shadowy altar of Dithmenos.
 40259 | D:15     | Found a roughly hewn altar of Beogh.
 40494 | D:15     | Received a gift from Yredelemnul (a phantasmal warrior)
 40710 | D:15     | Reached XP level 16. HP: 126/129 MP: 25/25
 42137 | Swamp:4  | Killed the 27-headed Lernaean hydra
 42273 | Swamp:4  | Got a decaying rune of Zot
 42909 | Snake:1  | Entered Level 1 of the Snake Pit
 43126 | Snake:1  | Reached skill level 13 in Fighting
 43586 | Snake:1  | Received a gift from Yredelemnul (a flayed ghost)
 43811 | Snake:1  | Noticed Aizul
 43830 | Snake:1  | Killed Aizul
 45155 | Snake:2  | Received a gift from Yredelemnul (a profane servitor)
 45274 | Snake:2  | Got a tattered robe
 45666 | Snake:2  | Received a gift from Yredelemnul (a profane servitor)
 46230 | Snake:2  | Got a fine spear
 46232 | Snake:2  | Identified the +8 spear "Ucakycle" {pain, rElec rC- Dex+4 SInv} (You found it on level 2 of the Snake Pit)
 46412 | Snake:2  | Received a gift from Yredelemnul (a vampire)
 47172 | Snake:2  | Identified the cursed +1 robe of the Comet {Int+2} (You found it on level 2 of the Snake Pit)
 47376 | Snake:3  | Reached skill level 14 in Fighting
 47376 | Snake:3  | Received a gift from Yredelemnul (a vampire)
 47883 | Snake:3  | Reached XP level 17. HP: 136/139 MP: 26/26
 47999 | Snake:3  | Reached skill level 5 in Necromancy
 48423 | Snake:4  | Entered Level 4 of the Snake Pit
 48440 | Snake:4  | Received a gift from Yredelemnul (a phantasmal warrior)
 49217 | Snake:4  | Received a gift from Yredelemnul (a ghoul)
 50207 | Snake:4  | Got a serpentine rune of Zot
 50511 | Orc:1    | Entered Level 1 of the Orcish Mines
 50511 | Orc:1    | Found a shimmering altar of Xom.
 50697 | Orc:1    | Received a gift from Yredelemnul (a flayed ghost)
 50957 | Orc:2    | Entered Level 2 of the Orcish Mines
 50986 | Orc:2    | Found Qeyfer's General Store.
 51131 | Orc:2    | Found a staircase to the Elven Halls.
 51156 | Orc:2    | Bought a scroll of enchant weapon for 135 gold pieces
 51267 | Orc:2    | Received a gift from Yredelemnul (a ghoul)
 51333 | Orc:2    | Paralysed by an orc sorcerer for 4 turns
 51401 | Orc:2    | Received a gift from Yredelemnul (a vampire)
 51425 | Orc:2    | Found Qipparghi's Jewellery Shoppe.
 51425 | Orc:2    | Found Vuddaiq's Assorted Antiques.
 51427 | Orc:2    | Found Cazunime's Magic Scroll Shoppe.
 51427 | Orc:2    | Found Koaneim's Food Shop.
 51645 | Orc:2    | Bought a scroll of blinking for 97 gold pieces
 51653 | Orc:2    | Bought the ring of Tis Odos {rPois rC- AC+4 Str+7 SInv} for 768 gold pieces
 51722 | Elf:1    | Entered Level 1 of the Elven Halls
 52666 | Elf:1    | Found Teaneecw's Magic Scroll Shoppe.
 52674 | Elf:1    | Bought a scroll of fear for 42 gold pieces
 52674 | Elf:1    | Bought a scroll of torment for 90 gold pieces
 52853 | Elf:1    | Reached skill level 10 in Necromancy
 52976 | Elf:1    | Reached XP level 18. HP: 137/146 MP: 27/27
 53392 | Elf:1    | Received a gift from Yredelemnul (a phantasmal warrior)
 53492 | Elf:1    | Got an ivory halberd {chop}
 53531 | Elf:1    | Noticed an ancient lich
 53549 | Elf:1    | Killed an ancient lich
 53925 | Elf:1    | Got a transparent iron ring
 54126 | Elf:1    | Identified the Grimoire of Attacks
 54138 | Elf:1    | Identified the +11 halberd of Muoty {chop, rC+} (You took it off a deep elf sorcerer on level 1 of the Elven Halls)
 54176 | Elf:1    | Identified the ring of Balance {rC+ Str+5 Int+7 Stlth+} (You found it on level 1 of the Elven Halls)
 54697 | Elf:2    | Found Siyreged's Assorted Antiques.
 54996 | Elf:1    | Received a gift from Yredelemnul (a skeletal warrior)
 55337 | Elf:2    | Found Zeichina's Armour Emporium.
 55370 | Elf:2    | Bought a scroll of enchant armour for 180 gold pieces
 55370 | Elf:2    | Bought a wand of iceblast (11) for 96 gold pieces
 55462 | Elf:2    | Got a slimy long sword
 55482 | Elf:2    | Got a pair of twisted boots
 55493 | Elf:2    | Identified the +0 pair of boots "Biyxey" {rF+ MP+9 Stlth+} (You acquired it on level 2 of the Elven Halls)
 55548 | Elf:2    | Bought a scroll of identify for 48 gold pieces
 55548 | Elf:2    | Identified the +2 long sword of Genilot {slice, MR+ Int-5 Stlth+} (You found it on level 2 of the Elven Halls)
 56404 | Elf:2    | Found Kugh's Armour Boutique.
 56464 | Elf:2    | Found Ahiucics's Magic Scroll Shoppe.
 56469 | Elf:2    | Found Jouh's Book Shoppe.
 56828 | Elf:2    | Found a runed door.
 56859 | Elf:2    | Received a gift from Yredelemnul (a phantasmal warrior)
 56861 | Elf:2    | Found a runed door.
 56935 | Elf:3    | Entered Level 3 of the Elven Halls
 57307 | Elf:3    | Got a polished arbalest
 57380 | Elf:3    | Received a gift from Yredelemnul (a phantasmal warrior)
 58590 | Elf:3    | Noticed a Brimstone Fiend
 59153 | Elf:3    | Cast into level 2 of the Abyss (a deep elf demonologist)
 59567 | Abyss:2  | Received a gift from Yredelemnul (a ghoul)
 59709 | Abyss:2  | Received a gift from Yredelemnul (a ghoul)
 59719 | Abyss:2  | Noticed a bone dragon
 59731 | Abyss:2  | Noticed a profane servitor
 59754 | Abyss:2  | Killed a profane servitor
 59783 | Abyss:2  | Reached XP level 19. HP: 153/153 MP: 28/28
 59830 | Elf:3    | Escaped the Abyss
 60492 | Elf:3    | Received a gift from Yredelemnul (a flayed ghost)
 60854 | Elf:3    | Identified the Handbook of Flying Transmutation
 61062 | Elf:2    | Bought a scroll of blinking for 135 gold pieces
 61062 | Elf:2    | Bought a scroll of enchant armour for 135 gold pieces
 61062 | Elf:2    | Bought a scroll of silence for 135 gold pieces
 61062 | Elf:2    | Bought a scroll of blinking for 135 gold pieces
 62396 | D:15     | Killed Roxanne
 62484 | Vaults:1 | Entered Level 1 of the Vaults
 63312 | Vaults:1 | Reached skill level 15 in Fighting
 63418 | Vaults:1 | Received a gift from Yredelemnul (a ghoul)
 63783 | Vaults:1 | Got a bronze chain mail
 63800 | Vaults:1 | Identified the +4 chain mail of Past Mistakes {+Blink rPois Stlth-} (You found it on level 1 of the Vaults)
 63984 | Vaults:1 | Received a gift from Yredelemnul (a bone dragon)
 64950 | Vaults:2 | Noticed Mennas
 64970 | Vaults:2 | Killed Mennas
 65395 | Vaults:2 | Received a gift from Yredelemnul (a vampire knight)
 65397 | Vaults:2 | Noticed Margery
 65406 | Vaults:2 | Killed Margery
 65489 | Vaults:2 | Received a gift from Yredelemnul (a phantasmal warrior)
 65595 | Vaults:2 | Noticed Asterion
 65597 | Vaults:2 | Killed Asterion
 65873 | Vaults:2 | Found a staircase to the Crypt.
 65949 | Vaults:2 | Received a gift from Yredelemnul (a vampire)
 66361 | Vaults:2 | Reached skill level 1 in Dodging
 66964 | Vaults:3 | Reached XP level 20. HP: 125/163 MP: 29/29
 69157 | Vaults:4 | Received a gift from Yredelemnul (a vampire knight)
 69385 | Vaults:4 | Received a gift from Yredelemnul (a flayed ghost)
 69716 | Vaults:4 | Noticed Jorgrun
 69725 | Vaults:4 | Killed Jorgrun
 69739 | Vaults:4 | Reached skill level 16 in Fighting
 69739 | Vaults:4 | Received a gift from Yredelemnul (a vampire)
 70559 | Vaults:5 | Entered Level 5 of the Vaults
 70599 | Vaults:5 | Received a gift from Yredelemnul (a phantasmal warrior)
 70749 | Vaults:5 | Reached skill level 15 in Shields
 70829 | Vaults:5 | Received a gift from Yredelemnul (a profane servitor)
 70893 | Vaults:5 | Received a gift from Yredelemnul (a ghoul)
 71084 | Vaults:5 | Got an ichor-stained great sword {flame}
 71214 | Vaults:5 | Reached XP level 21. HP: 79/172 MP: 31/31
 71214 | Vaults:5 | Reached skill level 5 in Dodging
 71215 | Vaults:5 | Received a gift from Yredelemnul (a phantasmal warrior)
 71215 | Vaults:5 | Received a gift from Yredelemnul (a profane servitor)
 71714 | Vaults:5 | Noticed a golden dragon
 71726 | Vaults:5 | Killed a golden dragon
 71809 | Vaults:5 | Got an encrusted spear
 72508 | Vaults:5 | Noticed a golden dragon
 72530 | Vaults:5 | Killed a golden dragon
 72541 | Vaults:5 | Identified the cursed +0 spear "Jadosaer" {antimagic, MR- Str+7} (You found it on level 5 of the Vaults)
 72797 | Vaults:5 | Received a gift from Yredelemnul (a flayed ghost)
 72977 | Vaults:5 | Noticed an ancient lich
 72984 | Vaults:5 | Killed an ancient lich
 73294 | Vaults:5 | Identified the Reference Book on Good Luck
 73302 | Vaults:5 | Identified the Catalogue of Fiery Darkness
 73330 | Vaults:5 | Got a dazzling dagger {flame}
 73338 | Vaults:5 | Got a brightly glowing war axe {elec}
 73341 | Vaults:5 | Got a twitching amber ring
 73543 | Vaults:5 | Got a silver rune of Zot
 73545 | Vaults:5 | Identified the Volume of the Traveller and the Arsonist
 73676 | Vaults:5 | Got a twisted leather armour
 73729 | Vaults:5 | Identified the cursed +0 leather armour "Tearr" {rPois rF+ Dex+4} (You took it off an ironbrand convoker on level 5 of the Vaults)
 73903 | Vaults:5 | Identified the ring of Aloli {+Inv Dex+2} (You found it on level 5 of the Vaults)
 74192 | Depths:1 | Entered Level 1 of the Depths
 74518 | Depths:1 | Reached skill level 17 in Fighting
 74779 | Depths:1 | Received a gift from Yredelemnul (a ghoul)
 75150 | Depths:1 | Found a one-way gate leading to the halls of Pandemonium.
 75171 | Depths:1 | Found a gateway to Hell.
 75642 | Depths:2 | Noticed DEFE's ghost (adept MiFi)
 75956 | Depths:2 | Killed DEFE's ghost
 76183 | Depths:2 | Reached XP level 22. HP: 162/182 MP: 32/32
 76446 | Depths:2 | Reached skill level 15 in Armour
 76519 | Depths:2 | Received a gift from Yredelemnul (a profane servitor)
 76882 | Depths:2 | Identified the +1 pair of boots of Distant Worlds {Str+5} (You found it on level 2 of the Depths)
 77107 | Depths:2 | Identified the Handbook of the Ashen Entourage
 77331 | Depths:3 | Received a gift from Yredelemnul (a vampire knight)
 77370 | Depths:3 | Noticed Bai Suzhen
 77381 | Depths:3 | Killed Bai Suzhen
 77384 | Depths:3 | Noticed Mara
 77397 | Depths:3 | Reached skill level 18 in Fighting
 77433 | Depths:3 | Noticed iamserjio's illusion
 77757 | Depths:3 | Received a gift from Yredelemnul (a skeletal warrior)
 77828 | Depths:3 | Received a gift from Yredelemnul (a phantasmal warrior)
 77974 | Depths:3 | Noticed iamserjio's illusion
 78263 | Depths:3 | Killed Mara
 78263 | Depths:3 | Enslaved Mara
 78415 | Depths:3 | Reached skill level 10 in Dodging
 78623 | Depths:3 | Noticed Jory
 78646 | Depths:3 | Killed Jory
 78914 | Depths:3 | Got a bound wooden ring
 79335 | D:11     | Bought a book of Unlife for 780 gold pieces
 79342 | D:11     | Learned a level 6 spell: Death Channel
 79354 | D:11     | Identified the ring "Sodabbyc" {Wiz rF+ MR+} (You took it off a vampire knight on level 3 of the Depths)
 79619 | Depths:4 | Received a gift from Yredelemnul (a skeletal warrior)
 79625 | Depths:4 | Reached skill level 1 in Spellcasting
 79763 | Depths:4 | Reached XP level 23. HP: 187/190 MP: 33/33
 79772 | Depths:4 | Found a gateway to a ziggurat.
 80187 | Depths:4 | Found a snail-covered altar of Cheibriados.
 80934 | Depths:4 | Cast into level 4 of the Abyss (a Zot trap)
 80934 | Abyss:4  | Found a corrupted altar of Lugonu.
 81004 | Abyss:4  | Got an abyssal rune of Zot
 81214 | Abyss:4  | Received a gift from Yredelemnul (a flayed ghost)
 81330 | Depths:4 | Escaped the Abyss
 81846 | Depths:5 | Entered Level 5 of the Depths
 81894 | Depths:5 | Reached skill level 5 in Spellcasting
 82221 | Depths:5 | Paralysed by a floating eye for 2 turns
 82448 | Depths:5 | Received a gift from Yredelemnul (a ghoul)
 82718 | Depths:5 | Found a gate to the Realm of Zot.
 83721 | Depths:5 | Got a pair of faintly humming boots
 83722 | Depths:5 | Identified the +1 pair of boots of Nohuew {Int+3} (You acquired it on level 5 of the Depths)
 83729 | Zot:1    | Entered Level 1 of the Realm of Zot
 83781 | Zot:1    | Your ally Mara died
 83899 | Zot:1    | Received a gift from Yredelemnul (a skeletal warrior)
 84378 | Zot:1    | Reached skill level 1 in Evocations
 84390 | Zot:1    | Received a gift from Yredelemnul (a vampire)
 85192 | Zot:2    | Noticed an orb of fire
 85621 | Zot:2    | Killed an orb of fire
 85621 | Zot:2    | Reached XP level 24. HP: 185/199 MP: 33/33
 86471 | Zot:2    | Reached skill level 15 in Polearms
 86540 | Zot:2    | Noticed an orb of fire
 86842 | Zot:3    | Reached skill level 5 in Evocations
 86907 | Zot:3    | Received a gift from Yredelemnul (a bone dragon)
 87358 | Zot:3    | Reached skill level 19 in Fighting
 87400 | Zot:3    | Received a gift from Yredelemnul (a ghoul)
 87822 | Zot:3    | Received a gift from Yredelemnul (a phantasmal warrior)
 88373 | Zot:4    | Received a gift from Yredelemnul (a phantasmal warrior)
 88526 | Zot:4    | Received a gift from Yredelemnul (a ghoul)
 89579 | Zot:4    | Received a gift from Yredelemnul (a ghoul)
 89654 | Zot:4    | Reached XP level 25. HP: 202/208 MP: 33/33
 89748 | Zot:5    | Entered Level 5 of the Realm of Zot
 90147 | Zot:5    | Noticed an ancient lich
 90173 | Zot:5    | Killed an ancient lich
 90173 | Zot:5    | Received a gift from Yredelemnul (a vampire)
 90788 | Zot:5    | Received a gift from Yredelemnul (a flayed ghost)
 91036 | Zot:5    | Noticed an ancient lich
 91041 | Zot:5    | Noticed an orb of fire
 91050 | Zot:5    | Killed an ancient lich
 91106 | Zot:5    | HP: 8/210 [orb of fire/fireball (6)]
 91108 | Zot:5    | HP: 2/210 [orb of fire/bolt of fire (6)]
 91110 | Zot:5    | Killed from afar by an orb of fire

Vault maps used:
D:1:      nicolae_arrival_memento_mori, minmay_pentomino_v2
D:2:      kennysheep_crisscross, minivault_14
D:3:      first_ration, uniq_jessica
D:4:      grunt_qazlal_clouds, serial_undead, serial_undead_b, serial_undead_e,
          serial_undead_f, serial_undead_c, uniq_pikel, uniq_robin, uniq_grinder
D:5:      uniq_blork_the_orc
D:6:      minmay_temple_entry_fiery, serial_shops, shop, basic_altar,
          uniq_edmund, uniq_crazy_yiuf_cottage
D:8:      hangedman_little_slice_of_home, fountainhead, uniq_prince_ribbit1,
          uniq_maurice
D:11:     david_lair_generic, kennysheep_orc_monster_closet_entryway,
          serial_shops, nicolae_shop_temple_entry_statues_fountains, shop,
          nicolae_shop_behind_doors, kennysheep_little_box, amethyst_killhole
D:12:     serial_column_ruins, column_ruins_grid_5, column_ruins_open_large,
          column_ruins_corridor_straight, column_ruins_open_tiny,
          column_ruins_grid_2, lemuel_flamethrower_1, uniq_sonja, uniq_kirke
D:13:     david_vaults_1
D:14:     minmay_checkerbox, uniq_rupert, uniq_urug
D:15:     gammafunk_depths_entry_grave, grunt_dithmenos_shadows, special_room,
          uniq_roxanne, uniq_nessos
Temple:   regret_index_temple_sigil_plot
Lair:2:   minmay_swamp_entry_worms, portal_ice_cave_entry_imps,
          grunt_megastairs_4
Lair:3:   minmay_snake_entry_guardpost_small, beast_lair_carwin_5,
          minmay_lair_oklob_chamber
Lair:5:   minmay_slime_entry_jelly_boxes
Lair:6:   minmay_lair_end_enchanted_forest
Swamp:1:  nicolae_swamp_rocky_clearing, uniq_nikola, uniq_josephine
Swamp:2:  evilmike_swamp_ruin_rubble_2, swamp_pool3, nicolae_swamp_stair_fork
Swamp:3:  evilmike_swamp_ruin_house_5
Swamp:4:  swamp_old_school
Snake:1:  guppyfry_snake_island, uniq_aizul
Snake:2:  grunt_megastairs_1, serial_bayou_shore_b
Snake:4:  snake_pit, basic_stair_grate_trap
Orc:1:    basic_altar
Orc:2:    grunt_orc_tribal_feast, serial_shops, nicolae_shop_window_shopping,
          mines5_lemuel
Elf:1:    minmay_the_grid_4x2, serial_shops, nicolae_shop_trees,
          minmay_elf_annihilation
Elf:2:    serial_shops, nicolae_shop_waterfront, shop, shop, shop,
          nicolae_shop_crystal
Elf:3:    elf_hall
Vaults:1: grunt_vaults_bifocal, st_spiral_rooms, vaults_mumra_hexcomb,
          grunt_vaults_swirl, v_misc_11, ontoclasm_vaults_hangar,
          vaults_room_corners, ontoclasm_vaults_gateway, vaults_mumra_hex
Vaults:2: v_misc_9, v_misc_28, vaults_room_corners,
          minmay_crypt_entry_simple_round, v_rooms_1,
          nicolae_vaults_bisected_slash, v_misc_10, dpeg_vaults_monster_row,
          v_misc_25, uniq_margery, uniq_mennas, uniq_asterion
Vaults:3: ontoclasm_vaults_hangar, v_alt_pattern_2, vaults_standard_mumra_x,
          grunt_vaults_focal, v_rooms_5, v_misc_5, vaults_mumra_lcd,
          v_alt_pattern_2, vaults_room_boxed, nicolae_vaults_shelves_hall,
          nicolae_vaults_circle_grid_a, vaults_room_pools,
          grunt_vaults_hallway_short, vaults_room_stairs_pillars
Vaults:4: v_pattern_3, vaults_mumra_minichess, ontoclasm_vaults_hangar,
          hangedman_vaults_nails, nicolae_vaults_mini_display_case,
          vaults_room_pool, nicolae_vaults_angled_halls,
          vaults_standard_mumra_lines, hangedman_vaults_capsules,
          ontoclasm_vaults_claustrophobia, v_misc_25, uniq_jorgrun
Vaults:5: serial_shops
Depths:1: hellmouth_3, pan_entry, minmay_misc_feat_four_crosses,
          kennysheep_cross_bottleneck, minmay_misc_feat_tower,
          kennysheep_generic_room_6
Depths:2: cross_vault, grunt_pan_entry_zigzag, serial_bayou_lagoon_a,
          hangedman_coc_ice_floe
Depths:3: due_jory_tower, rand_demon_pan_entry_5, hell_entry, dk_noncrumbling_3,
          grunt_ministairs_2, uniq_mara, uniq_bai_suzhen
Depths:4: minmay_glassy_protrusions, enter_ziggurat_b,
          marbit_kobold_abyss_entry, rand_demon_pan_entry_4, hell_entry,
          cheibriados_altar_1, infiniplex_staircase_zigzag_4
Depths:5: evilmike_zot_entry_diamond, hangedman_abyss_or_decor_passed,
          pf_vacation_house_of_asmodeus, kennysheep_underground_church
Zot:2:    nrook_zot_tub
Zot:4:    circus_mu
Zot:5:    grunt_ministairs_8, guppyfry_library_mini
Abyss:2:  small_statue_intersection, minivault_5
Abyss:4:  evilmike_abyss_rune_siren_acolytes
IceCv:    ice_cave_caverns_03

Skill      XL: |  1  2  3  4  5  6  7  8  9 10 11 12 13 14 15 16 17 18 19 20 21 22 23 24 25 |
---------------+----------------------------------------------------------------------------+-----
Polearms       | 2 3 4 6 7 8 10 12 14 15 | 15.7
Shields        | 3 4 5 6 7 8 9 10 11 12 14 15 16 17 | 17.8
Armour         | 3 4 5 6 7 8 10 11 12 13 14 16 17 | 17.5
Fighting       | 4 5 6 7 8 10 12 14 15 16 17 18 19 | 19.6
Invocations    | 4 8 9 10 11 12 13 14 | 14.0
Necromancy     | 3 4 10 13 | 13.4
Dodging        | 1 4 7 10 11 | 11.0
Spellcasting   | 1 5 |  5.0
Evocations     | 3 7 8 |  8.5

Action                   |  1- 3 |  4- 6 |  7- 9 | 10-12 | 13-15 | 16-18 | 19-21 | 22-24 | 25-27 || total
-------------------------+-------+-------+-------+-------+-------+-------+-------+-------+-------++-------
Melee: Trident           |   177 |   198 |    66 |       |   136 |       |       |       |       ||   577
       Dagger            |       |       |   329 |   401 |       |       |       |       |       ||   730
       Spear             |       |       |    19 |   834 |  1858 |   709 |       |       |       ||  3420
       Hand axe          |       |       |       |    35 |    94 |       |       |       |       ||   129
       Demon trident     |       |       |       |       |     3 |  1715 |  1324 |   150 |       ||  3192
       Lance             |       |       |       |       |       |       |   159 |  1821 |   209 ||  2189
Invok: Animate Remains   |       |       |     2 |    15 |       |       |       |       |       ||    17
       Animate Dead      |       |       |       |    31 |    87 |   110 |    94 |    87 |     9 ||   418
       Recall Undead Sla |       |       |       |     5 |    16 |    24 |    35 |    18 |     5 ||   103
       Drain Life        |       |       |       |     1 |       |     4 |     9 |     9 |     2 ||    25
       Injury Mirror     |       |       |       |       |     1 |       |     1 |       |       ||     2
       Enslave Soul      |       |       |       |       |     2 |     5 |     2 |     1 |     1 ||    11
       Stop Recall       |       |       |       |       |       |       |     1 |       |       ||     1
Evoke: Wand              |       |       |     6 |    15 |    41 |    17 |     7 |     3 |     2 ||    91
       Phantom mirror    |       |       |       |       |       |     1 |       |       |     1 ||     2
       Phial of floods   |       |       |       |       |       |       |     2 |       |     1 ||     3
       Box of beasts     |       |       |       |       |       |       |     1 |       |     2 ||     3
  Use: Scroll            |     2 |       |    10 |     9 |    15 |    26 |    24 |    15 |     1 ||   102
 Stab: Paralysed         |       |       |       |     7 |     3 |       |       |       |       ||    10
       Distracted        |       |       |       |     7 |    28 |    20 |    43 |    43 |     5 ||   146
       Confused          |       |       |       |       |     5 |       |       |       |       ||     5
       Sleeping          |       |       |       |       |       |       |    13 |    10 |       ||    23
Armor: Scale mail        |    86 |    54 |    57 |       |       |       |       |       |       ||   197
       Fire dragon scale |       |       |   121 |   288 |     4 |       |   239 |   123 |       ||   775
       Ring mail         |       |       |       |   133 |       |       |       |       |       ||   133
       Chain mail        |       |       |       |       |   565 |   505 |    64 |       |       ||  1134
       Quicksilver drago |       |       |       |       |       |       |     2 |   118 |       ||   120
       Gold dragon scale |       |       |       |       |       |       |       |   143 |    35 ||   178
Dodge: Dodged            |    51 |    50 |   123 |   258 |   262 |   197 |   193 |   297 |    16 ||  1447
       Deflected         |       |       |       |       |       |    14 |     1 |       |       ||    15
Block: Shield            |    72 |    73 |   242 |   797 |  1047 |   468 |       |       |       ||  2699
       Reflection        |       |       |       |    18 |    40 |   178 |    97 |    46 |     6 ||   385
       Large shield      |       |       |       |       |       |  1140 |  1177 |  1508 |   161 ||  3986

Table legend:
 A = Spawn XP
 B = Non-spawn XP
 C = Spawn XP percentage of total XP
 D = Spawn monster count
 E = Non-spawn monster count
 F = Spawn count percentage of total count
 G = Total turns spent on level
                    A         B        C        D         E        F      G
               +---------+---------+-------+---------+---------+-------+---------
         Total |   22531 | 1199837 |   1.8 |      46 |    2300 |   2.0 | 91110
               +---------+---------+-------+---------+---------+-------+---------
           D:1 |       0 |      38 |   0.0 |       0 |      23 |   0.0 |  1166
           D:2 |       0 |     114 |   0.0 |       0 |      22 |   0.0 |  1588
           D:3 |       0 |     167 |   0.0 |       0 |      26 |   0.0 |  1475
           D:4 |       0 |    1154 |   0.0 |       0 |      24 |   0.0 |  1694
           D:5 |       0 |     426 |   0.0 |       0 |      15 |   0.0 |   814
           D:6 |       0 |     689 |   0.0 |       0 |      20 |   0.0 |  1208
           D:7 |       0 |    2136 |   0.0 |       0 |      28 |   0.0 |  1603
           D:8 |       0 |    3168 |   0.0 |       0 |      33 |   0.0 |  1639
           D:9 |       0 |    2855 |   0.0 |       0 |      33 |   0.0 |  2191
          D:10 |       0 |    2729 |   0.0 |       0 |      21 |   0.0 |  1182
          D:11 |       0 |    5099 |   0.0 |       0 |      53 |   0.0 |  3292
          D:12 |       0 |    5910 |   0.0 |       0 |      28 |   0.0 |  1996
          D:13 |       0 |   12715 |   0.0 |       0 |      43 |   0.0 |  2045
          D:14 |       0 |   16501 |   0.0 |       0 |      43 |   0.0 |  1929
          D:15 |       0 |   13527 |   0.0 |       0 |      57 |   0.0 |  1893
        Lair:1 |       0 |    1919 |   0.0 |       0 |      11 |   0.0 |  1133
        Lair:2 |       0 |    3644 |   0.0 |       0 |      33 |   0.0 |  2219
        Lair:3 |       0 |    5894 |   0.0 |       0 |      24 |   0.0 |  1823
        Lair:4 |       0 |    3411 |   0.0 |       0 |      18 |   0.0 |  1567
        Lair:5 |       0 |    5045 |   0.0 |       0 |      31 |   0.0 |  1365
        Lair:6 |       0 |   14810 |   0.0 |       0 |      89 |   0.0 |  1741
       Swamp:1 |       0 |   13900 |   0.0 |       0 |      39 |   0.0 |  1438
       Swamp:2 |       0 |    6371 |   0.0 |       0 |      19 |   0.0 |  1798
       Swamp:3 |       0 |   12002 |   0.0 |       0 |      34 |   0.0 |  1156
       Swamp:4 |       0 |   24416 |   0.0 |       0 |      57 |   0.0 |  2028
       Snake:1 |       0 |   24685 |   0.0 |       0 |      59 |   0.0 |  2287
       Snake:2 |       0 |   13105 |   0.0 |       0 |      32 |   0.0 |  2101
       Snake:3 |       0 |   20169 |   0.0 |       0 |      46 |   0.0 |  1323
       Snake:4 |       0 |   37968 |   0.0 |       0 |      87 |   0.0 |  1785
         Orc:1 |       0 |    3075 |   0.0 |       0 |      30 |   0.0 |   441
         Orc:2 |       0 |    7407 |   0.0 |       0 |      61 |   0.0 |   953
         Elf:1 |       0 |   42614 |   0.0 |       0 |      65 |   0.0 |  3423
         Elf:2 |       0 |   45203 |   0.0 |       0 |      70 |   0.0 |  4076
         Elf:3 |       0 |   37131 |   0.0 |       0 |      44 |   0.0 |  1893
      Vaults:1 |       0 |   19698 |   0.0 |       0 |      45 |   0.0 |  1849
      Vaults:2 |       0 |   37327 |   0.0 |       0 |      66 |   0.0 |  2461
      Vaults:3 |       0 |   26050 |   0.0 |       0 |      52 |   0.0 |  1898
      Vaults:4 |       0 |   38213 |   0.0 |       0 |      57 |   0.0 |  2039
      Vaults:5 |       0 |  118459 |   0.0 |       0 |     122 |   0.0 |  3386
      Depths:1 |       0 |   35147 |   0.0 |       0 |      74 |   0.0 |  1698
      Depths:2 |       0 |   63085 |   0.0 |       0 |      96 |   0.0 |  1604
      Depths:3 |       0 |   82971 |   0.0 |       0 |     130 |   0.0 |  1745
      Depths:4 |       0 |   23298 |   0.0 |       0 |      27 |   0.0 |  1865
      Depths:5 |       0 |   41427 |   0.0 |       0 |      54 |   0.0 |  1885
         Zot:1 |       0 |   58797 |   0.0 |       0 |      43 |   0.0 |  2055
         Zot:2 |       0 |   41334 |   0.0 |       0 |      26 |   0.0 |   936
         Zot:3 |       0 |   54799 |   0.0 |       0 |      39 |   0.0 |  1547
         Zot:4 |       0 |   75856 |   0.0 |       0 |      52 |   0.0 |  1479
         Zot:5 |       0 |   69667 |   0.0 |       0 |      36 |   0.0 |  1362
       Abyss:2 |    8747 |    4121 |  68.0 |      24 |       7 |  77.4 |   677
       Abyss:4 |   13784 |    9198 |  60.0 |      22 |      13 |  62.9 |   396
         IceCv |       0 |   10393 |   0.0 |       0 |      43 |   0.0 |  1862
               +---------+---------+-------+---------+---------+-------+---------
